TOP OF THE 1ST |
Ottawa Nationals batting - Pitching for Virginia Beach Deuces : RHP Earl Danziger
|
Pitching: RHP Earl Danziger
|
|
Batting: LHB Tony Rodríguez
|
0-0: SINGLE (Flyball, 8RM)
|
Batting: LHB Don McGhee
|
0-0: Foul Ball, location: 2F 0-1: Ball Tony Rodríguez steals 2nd base 1-1: Foul Ball, location: 2F 1-2: Fly out, F8 (Flyball, 78M)
|
Batting: RHB José Bumgarnor
|
0-0: Called Strike 0-1: Ball 1-1: Ground out 6-3 (Groundball, 6)
|
Batting: LHB Alan Shaw
|
0-0: Called Strike 0-1: Ball 1-1: Foul Ball, location: 2F 1-2: Ball 2-2: Ball 3-2: Strikes out looking
|
Top of the 1st over - 0 runs, 1 hit, 0 errors, 1 left on base; Ottawa 0 - Virginia Beach 0 |
BOTTOM OF THE 1ST |
Virginia Beach Deuces batting - Pitching for Ottawa Nationals : LHP Reino Öunap
|
Pitching: LHP Reino Öunap
|
|
Batting: RHB Luis Díaz
|
0-0: Ball 1-0: Ball 2-0: Ball 3-0: Called Strike 3-1: Base on Balls
|
Batting: RHB Stephen McManus
|
0-0: Ball Luis Díaz steals 2nd base 1-0: Called Strike 1-1: Foul Ball, location: 2F 1-2: SINGLE (Groundball, 34) (infield hit) Luis Díaz to third
|
Batting: RHB Andrew Crosby
|
0-0: Ball Wild Pitch! Luis Díaz scores Stephen McManus to second 1-0: Ground out 6-3 (Groundball, 6) Stephen McManus to third
|
Batting: LHB Atílio Mansilhas
|
0-0: SINGLE (Line Drive, 7LS) Stephen McManus scores
|
Batting: RHB Paul Byrd
|
0-0: Ball 1-0: Ball Passed Ball! Atílio Mansilhas to second 2-0: DOUBLE (Flyball, 78D) Atílio Mansilhas scores
|
Batting: SHB Iikka Karpinen
|
0-0: Ball 1-0: Fly out, F8 (Line Drive, 8LD) Runner from 2nd tags up, SAFE at 3rd with throw
|
Batting: RHB Richard Sonntag
|
0-0: Ball 1-0: Ball 2-0: Swinging Strike 2-1: Ball 3-1: Fly out, F6 (Line Drive, 6)
|
Bottom of the 1st over - 3 runs, 3 hits, 0 errors, 1 left on base; Ottawa 0 - Virginia Beach 3 |
TOP OF THE 2ND |
Ottawa Nationals batting - Pitching for Virginia Beach Deuces : RHP Earl Danziger
|
Batting: RHB Yang-joo Pak
|
0-0: SINGLE (Flyball, 78S)
|
Batting: RHB Bartho Simonse
|
0-0: Ball 1-0: Called Strike 1-1: Foul Ball, location: 2F 1-2: Foul Ball, location: 2F 1-2: Foul Ball, location: 2F 1-2: Foul Ball, location: 2F 1-2: Strikes out swinging
|
Batting: SHB Anthon Klomp
|
0-0: Called Strike 0-1: Ball 1-1: Ball 2-1: 2-RUN HOME RUN (Flyball, 9LD), Distance : 349 ft
|
Batting: RHB Manuel Vroonland
|
0-0: Ball 1-0: Fly out, F9 (Flyball, 9)
|
Batting: RHB Eric Harvey
|
0-0: Called Strike 0-1: Ball 1-1: Called Strike 1-2: SINGLE (Groundball, 6S) (infield hit)
|
Batting: LHB Tony Rodríguez
|
0-0: Ball 1-0: Swinging Strike 1-1: Ball 2-1: Fly out, F8 (Flyball, 8LM)
|
Top of the 2nd over - 2 runs, 3 hits, 0 errors, 1 left on base; Ottawa 2 - Virginia Beach 3 |
BOTTOM OF THE 2ND |
Virginia Beach Deuces batting - Pitching for Ottawa Nationals : LHP Reino Öunap
|
Batting: RHB Juan González
|
0-0: Ball 1-0: SINGLE (Groundball, 56D)
|
Batting: RHB Gerardo Espinoza
|
0-0: Ball 1-0: Foul Ball, location: 2F 1-1: Ball 2-1: Ball 3-1: Foul Ball, location: 2F 3-2: Base on Balls Juan González to second
|
Batting: RHB Luis Díaz
|
0-0: SINGLE (Groundball, 4MD) Juan González to third Gerardo Espinoza to second Runner from 3rd tries for Home, SAFE, no throw
|
Batting: RHB Stephen McManus
|
0-0: Foul Ball, location: 2F 0-1: Ball 1-1: Ball 2-1: Ball 3-1: Base on Balls Gerardo Espinoza to third Luis Díaz to second
|
Batting: RHB Andrew Crosby
|
0-0: Ball 1-0: Called Strike 1-1: Swinging Strike 1-2: GRAND SLAM HOME RUN (Flyball, 8LXD), Distance : 438 ft
|
Batting: LHB Atílio Mansilhas
|
0-0: Ball 1-0: Ball 2-0: Ball 3-0: Called Strike 3-1: Base on Balls
|
Pitching: RHP Ken Dundee
|
|
Batting: RHB Paul Byrd
|
0-0: Ball 1-0: Called Strike 1-1: Fly out, F5 (Popup, 5F)
|
Batting: SHB Iikka Karpinen
|
0-0: Ball 1-0: Ball 2-0: Ball 3-0: Called Strike 3-1: Foul Ball, location: 2F 3-2: Fly out, F6 (Popup, 6M)
|
Batting: RHB Richard Sonntag
|
0-0: Ball 1-0: Ball 2-0: Called Strike 2-1: Fielders Choice at 2nd, 6-4 (Groundball, 6)
|
Bottom of the 2nd over - 5 runs, 3 hits, 0 errors, 1 left on base; Ottawa 2 - Virginia Beach 8 |
TOP OF THE 3RD |
Ottawa Nationals batting - Pitching for Virginia Beach Deuces : RHP Earl Danziger
|
Batting: LHB Don McGhee
|
0-0: Called Strike 0-1: Called Strike 0-2: Ball 1-2: Ball 2-2: Foul Ball, location: 2F 2-2: Ball 3-2: Foul Ball, location: 2F 3-2: Foul Ball, location: 2F 3-2: Fly out, F9 (Flyball, 9D)
|
Batting: RHB José Bumgarnor
|
0-0: Called Strike 0-1: Ball 1-1: Swinging Strike 1-2: Ball 2-2: Foul Ball, location: 2F 2-2: Ball 3-2: Foul Ball, location: 2F 3-2: Foul Ball, location: 2F 3-2: Foul Ball, location: 2F 3-2: Ground out 6-3 (Groundball, 6)
|
Batting: LHB Alan Shaw
|
0-0: Swinging Strike 0-1: Swinging Strike 0-2: Strikes out looking
|
Top of the 3rd over - 0 runs, 0 hits, 0 errors, 0 left on base; Ottawa 2 - Virginia Beach 8 |
BOTTOM OF THE 3RD |
Virginia Beach Deuces batting - Pitching for Ottawa Nationals : RHP Ken Dundee
|
Batting: RHB Juan González
|
0-0: Ball 1-0: Ball 2-0: Ball 3-0: Fly out, F5 (Line Drive, 56S)
|
Batting: RHB Gerardo Espinoza
|
0-0: Swinging Strike 0-1: Ball 1-1: Foul Ball, location: 2F 1-2: Strikes out swinging
|
Batting: RHB Luis Díaz
|
0-0: Called Strike 0-1: Foul Ball, location: 2F 0-2: Foul Ball, location: 2F 0-2: Foul Ball, location: 2F 0-2: Fly out, F3 (Popup, 3SF)
|
Bottom of the 3rd over - 0 runs, 0 hits, 0 errors, 0 left on base; Ottawa 2 - Virginia Beach 8 |
TOP OF THE 4TH |
Ottawa Nationals batting - Pitching for Virginia Beach Deuces : RHP Earl Danziger
|
Batting: RHB Yang-joo Pak
|
0-0: Ball 1-0: Called Strike 1-1: Ball 2-1: Foul Ball, location: 2F 2-2: Fly out, F3 (Line Drive, 34)
|
Batting: RHB Bartho Simonse
|
0-0: Ball 1-0: Called Strike 1-1: Ball 2-1: Called Strike 2-2: Ball 3-2: Base on Balls
|
Batting: SHB Anthon Klomp
|
0-0: Called Strike 0-1: Called Strike 0-2: Ball 1-2: Ball 2-2: Strikes out swinging
|
Batting: RHB Manuel Vroonland
|
0-0: Ball 1-0: Called Strike 1-1: Ball 2-1: Foul Ball, location: 2F 2-2: Strikes out looking
|
Top of the 4th over - 0 runs, 0 hits, 0 errors, 1 left on base; Ottawa 2 - Virginia Beach 8 |
BOTTOM OF THE 4TH |
Virginia Beach Deuces batting - Pitching for Ottawa Nationals : RHP Ken Dundee
|
Pitching: RHP Walid bin Amid
|
|
Batting: RHB Stephen McManus
|
0-0: Called Strike 0-1: Fly out, F4 (Popup, 4M)
|
Batting: RHB Andrew Crosby
|
0-0: Ball 1-0: Called Strike 1-1: Ball 2-1: Foul Ball, location: 2F 2-2: Foul Ball, location: 2F 2-2: Fly out, F8 (Flyball, 8RM)
|
Batting: LHB Atílio Mansilhas
|
0-0: Swinging Strike 0-1: Swinging Strike 0-2: Strikes out swinging, 2-3 out at first.
|
Bottom of the 4th over - 0 runs, 0 hits, 0 errors, 0 left on base; Ottawa 2 - Virginia Beach 8 |
TOP OF THE 5TH |
Ottawa Nationals batting - Pitching for Virginia Beach Deuces : RHP Earl Danziger
|
Batting: RHB Eric Harvey
|
0-0: Called Strike 0-1: Fly out, F6 (Popup, 6MS)
|
Batting: LHB Tony Rodríguez
|
0-0: Ball 1-0: Called Strike 1-1: Called Strike 1-2: Ball 2-2: Foul Ball, location: 2F 2-2: Foul Ball, location: 2F 2-2: Ball 3-2: Foul Ball, location: 2F 3-2: Foul Ball, location: 2F 3-2: SINGLE (Groundball, 3D)
|
Batting: LHB Don McGhee
|
0-0: Called Strike 0-1: Ball 1-1: Ball 2-1: Ball 3-1: Grounds into double play, 6-4-3 (Groundball, 6)
|
Top of the 5th over - 0 runs, 1 hit, 0 errors, 0 left on base; Ottawa 2 - Virginia Beach 8 |
BOTTOM OF THE 5TH |
Virginia Beach Deuces batting - Pitching for Ottawa Nationals : RHP Walid bin Amid
|
Batting: RHB Paul Byrd
|
0-0: Foul Ball, location: 2F 0-1: Ball 1-1: Swinging Strike 1-2: Ball 2-2: Strikes out swinging
|
Batting: SHB Iikka Karpinen
|
0-0: Called Strike 0-1: Ball 1-1: Ball 2-1: Ground out 5-3 (Groundball, 25)
|
Batting: RHB Richard Sonntag
|
0-0: Ball 1-0: Foul Ball, location: 2F 1-1: DOUBLE (Flyball, 8RXD)
|
Batting: RHB Juan González
|
0-0: Called Strike 0-1: Ball 1-1: Swinging Strike 1-2: Strikes out swinging
|
Bottom of the 5th over - 0 runs, 1 hit, 0 errors, 1 left on base; Ottawa 2 - Virginia Beach 8 |
TOP OF THE 6TH |
Ottawa Nationals batting - Pitching for Virginia Beach Deuces : RHP Earl Danziger
|
Batting: RHB José Bumgarnor
|
0-0: Called Strike 0-1: Fly out, F7 (Flyball, 7)
|
Batting: LHB Alan Shaw
|
0-0: Foul Ball, location: 2F 0-1: Called Strike 0-2: Ball 1-2: Ball 2-2: Ball 3-2: Foul Ball, location: 2F 3-2: TRIPLE (Flyball, 8LXD)
|
Batting: RHB Yang-joo Pak
|
0-0: Ball 1-0: SINGLE (Groundball, 34D) Alan Shaw scores
|
Batting: RHB Bartho Simonse
|
0-0: Foul Ball, location: 2F 0-1: Called Strike 0-2: Fly out, F9 (Flyball, 9LM)
|
Pitching: RHP Fiers Aderikhin
|
|
Batting: SHB Anthon Klomp
|
0-0: Fly out, F9 (Flyball, 89D)
|
Top of the 6th over - 1 run, 2 hits, 0 errors, 1 left on base; Ottawa 3 - Virginia Beach 8 |
BOTTOM OF THE 6TH |
Virginia Beach Deuces batting - Pitching for Ottawa Nationals : RHP Walid bin Amid
|
Batting: RHB Gerardo Espinoza
|
0-0: Called Strike 0-1: Ball 1-1: Called Strike 1-2: Foul Ball, location: 2F 1-2: TRIPLE (Flyball, 89D)
|
Batting: RHB Luis Díaz
|
0-0: Ball 1-0: Called Strike 1-1: Ground out 4-3 (Groundball, 4)
|
Pitching: RHP Jorge Moreno
|
|
Batting: RHB Stephen McManus
|
0-0: Foul Ball, location: 2F 0-1: Fly out, F3 (Popup, 3F)
|
Batting: RHB Andrew Crosby
|
0-0: Ball 1-0: Ball 2-0: Swinging Strike 2-1: Ball 3-1: Base on Balls
|
Batting: LHB Atílio Mansilhas
|
0-0: Ball 1-0: Called Strike 1-1: Foul Ball, location: 2F 1-2: Ball Throwing error on steal attempt, E2 Gerardo Espinoza scores Andrew Crosby to third 2-2: Ball 3-2: SINGLE (Flyball, 9S) Andrew Crosby scores
|
Batting: RHB Paul Byrd
|
0-0: Ball 1-0: Called Strike 1-1: Ball 2-1: Swinging Strike 2-2: Fly out, F7 (Line Drive, 7)
|
Bottom of the 6th over - 2 runs, 2 hits, 1 error, 1 left on base; Ottawa 3 - Virginia Beach 10 |
TOP OF THE 7TH |
Ottawa Nationals batting - Pitching for Virginia Beach Deuces : RHP Fiers Aderikhin
|
Batting: RHB Manuel Vroonland
|
0-0: Ground out 6-3 (Groundball, 6)
|
Batting: RHB Eric Harvey
|
0-0: Fly out, F7 (Line Drive, 78S)
|
Batting: LHB Tony Rodríguez
|
0-0: Ball 1-0: Foul Ball, location: 2F 1-1: Called Strike 1-2: Ball 2-2: Strikes out swinging
|
Top of the 7th over - 0 runs, 0 hits, 0 errors, 0 left on base; Ottawa 3 - Virginia Beach 10 |
BOTTOM OF THE 7TH |
Virginia Beach Deuces batting - Pitching for Ottawa Nationals : RHP Jorge Moreno
|
Batting: SHB Iikka Karpinen
|
0-0: Called Strike 0-1: TRIPLE (Flyball, 9LD)
|
Pitching: RHP Sean Powell
|
|
Batting: RHB Richard Sonntag
|
0-0: Called Strike 0-1: Foul Ball, location: 2F 0-2: Ball 1-2: Ground out 5-3 (Groundball, 56) Iikka Karpinen scores
|
Batting: RHB Juan González
|
0-0: Fly out, F7 (Flyball, 78XD)
|
Batting: RHB Gerardo Espinoza
|
0-0: Ball 1-0: Ground out 6-3 (Groundball, 6S)
|
Bottom of the 7th over - 1 run, 1 hit, 0 errors, 0 left on base; Ottawa 3 - Virginia Beach 11 |
TOP OF THE 8TH |
Ottawa Nationals batting - Pitching for Virginia Beach Deuces : RHP Fiers Aderikhin
|
Now at 1B: Leo Szilard
|
|
Batting: LHB Don McGhee
|
0-0: Ground out 1-3 (Groundball, 13S)
|
Batting: RHB José Bumgarnor
|
0-0: Ball 1-0: Foul Ball, location: 2F 1-1: Ball 2-1: Ball 3-1: Base on Balls
|
Batting: LHB Alan Shaw
|
0-0: Ball 1-0: Ball 2-0: Called Strike 2-1: Ball 3-1: Called Strike 3-2: Foul Ball, location: 2F 3-2: Base on Balls José Bumgarnor to second
|
Batting: RHB Yang-joo Pak
|
0-0: Called Strike 0-1: Called Strike 0-2: Fly out, F8 (Flyball, 8RD) Runner from 2nd tags up, SAFE at 3rd with throw
|
Batting: RHB Bartho Simonse
|
0-0: Called Strike 0-1: Ball 1-1: Ball 2-1: Foul Ball, location: 2F 2-2: Ball 3-2: Foul Ball, location: 2F 3-2: Base on Balls Alan Shaw to second
|
Batting: SHB Anthon Klomp
|
0-0: Swinging Strike 0-1: Called Strike 0-2: Fly out, F7 (Flyball, 78S)
|
Top of the 8th over - 0 runs, 0 hits, 0 errors, 3 left on base; Ottawa 3 - Virginia Beach 11 |
BOTTOM OF THE 8TH |
Virginia Beach Deuces batting - Pitching for Ottawa Nationals : RHP Sean Powell
|
Batting: RHB Luis Díaz
|
0-0: Called Strike 0-1: Foul Ball, location: 2F 0-2: Ball 1-2: Fly out, F5 (Popup, 5SF)
|
Batting: RHB Stephen McManus
|
0-0: SINGLE (Flyball, 8RS)
|
Batting: RHB Andrew Crosby
|
0-0: Ball 1-0: Ball 2-0: Called Strike 2-1: Foul Ball, location: 2F 2-2: Ball 3-2: Fly out, F9 (Flyball, 89D)
|
Batting: LHB Atílio Mansilhas
|
0-0: Ball 1-0: Ball 2-0: Ball 3-0: Base on Balls Stephen McManus to second
|
Pitching: LHP Eric Holder
|
|
Batting: RHB Paul Byrd
|
0-0: Ball 1-0: Called Strike 1-1: Foul Ball, location: 2F 1-2: Strikes out swinging
|
Bottom of the 8th over - 0 runs, 1 hit, 0 errors, 2 left on base; Ottawa 3 - Virginia Beach 11 |
TOP OF THE 9TH |
Ottawa Nationals batting - Pitching for Virginia Beach Deuces : RHP Fiers Aderikhin
|
Now in RF: Alejandro Bracamonte
|
|
Batting: RHB Manuel Vroonland
|
0-0: Ball 1-0: Called Strike 1-1: Foul Ball, location: 2F 1-2: DOUBLE (Flyball, 89D)
|
Batting: RHB Eric Harvey
|
0-0: Fly out, F8 (Flyball, 8RM)
|
Batting: LHB Tony Rodríguez
|
0-0: Foul Ball, location: 2F 0-1: Ball 1-1: Swinging Strike 1-2: Foul Ball, location: 2F 1-2: Ball 2-2: Ground out 1-3 (Groundball, P) Manuel Vroonland to third
|
Batting: LHB Don McGhee
|
0-0: SINGLE (Groundball, 34D) Manuel Vroonland scores
|
Batting: RHB José Bumgarnor
|
0-0: Called Strike 0-1: Swinging Strike 0-2: Ball 1-2: Ball 2-2: Ball 3-2: Foul Ball, location: 2F 3-2: SINGLE (Groundball, 6MD) Don McGhee to second Don McGhee to third
|
Batting: LHB Alan Shaw
|
0-0: SINGLE (Groundball, 4MD) Don McGhee scores José Bumgarnor to second
|
Batting: RHB Yang-joo Pak
|
0-0: Called Strike 0-1: Ball 1-1: Foul Ball, location: 2F 1-2: Ball 2-2: Ball 3-2: Strikes out swinging
|
Top of the 9th over - 2 runs, 4 hits, 0 errors, 2 left on base; Ottawa 5 - Virginia Beach 11 |
|